Map: At Eternity's Edge LE

Players

clowN

  • Race: Zerg Zerg

A.I. 1 (Harder)

  • Race: Zerg Zerg

VOD

Have the link to the VOD?

Description

Time

  • Played on: Oct. 4, 2026, 7:53 p.m.
  • Length: 12:00
Show
View Real Time Build Order
Export as new Build Order

clowN Zerg 

Build Orders: Hatch First 

Get SALT Encoding   

  8  0:00  Drone  
  9  0:16  Overlord  
  9  0:22  Drone  
  9  0:27  Drone  
  11  0:35  Drone  
  12  0:40  Drone  
  13  0:48  Drone  
  14  0:56  Drone  
  15  1:15  Hatchery  
  15  1:18  Drone  
  15  1:22  Drone  
  16  1:28  Overlord  
  16  1:40  Extractor  
  15  1:47  Spawning Pool  
  15  1:49  Drone  
  15  1:59  Drone x2  
  17  2:07  Drone  
  18  2:15  Drone  
  19  2:25  Drone  
  20  2:34  Queen  
  20  2:35  Queen  
  24  2:39  Drone  
  25  2:46  Overlord  
  25  3:01  Drone x5  
  30  3:07  Drone  
  31  3:24  Drone x3  
  34  3:34  Hatchery  
  33  3:41  Roach Warren  
  33  3:42  Drone  
  33  3:46  Overlord  
  33  3:49  Drone  
  33  3:50  Drone  
  35  3:57  Lair  
  35  4:09  Drone x2  
  38  4:10  Drone x4  
  38  4:13  Overlord  
  41  4:17  Overlord  
  41  4:37  Hatchery  
  40  4:39  Drone x5  
  40  4:44  Drone x2  
  47  4:52  Queen  
  49  4:56  Drone x3  
  49  4:59  Drone  
  53  5:10  Drone x3  
  56  5:17  Hatchery  
  56  5:18  Overlord x2  
  56  5:21  Drone x3  
  58  5:28  Drone  
  59  5:38  Drone x3  
  59  5:39  Drone x2  
  64  5:43  Roach x4  
  72  5:58  Extractor  
  72  6:01  Evolution Chamber  
  70  6:05  Evolution Chamber  
  70  6:07  Roach  
  70  6:08  Roach x7  
  70  6:09  Roach  
  70  6:10  Overlord x4  
  87  6:24  Pneumatized Carapace  
  87  6:27  Queen  
  87  6:30  Roach x2  
  87  6:31  Roach x5  
  87  6:32  Overlord x2  
  103  6:53  Hatchery  
  102  7:02  Roach  
  102  7:03  Roach x3  
  102  7:04  Hatchery  
  109  7:09  Extractor  
  108  7:34  Queen  
  110  7:41  Roach x6  
  110  7:42  Roach  
  110  7:43  Roach  
  126  7:52  Extractor  
  126  7:54  Extractor  
  126  7:55  Drone x2  
  126  7:56  Drone x2  
  128  8:01  Roach x4  
  128  8:02  Roach  
  138  8:17  Roach x2  
  138  8:18  Roach x3  
  148  8:30  Overlord x5  
  148  8:31  Overlord x2  
  148  8:52  Roach  
  148  8:53  Roach x7  
  148  8:54  Roach x7  
  148  8:55  Roach x4  
  182  9:52  Roach x5  
  192  9:53  Roach x6  
  192  9:55  Roach  
  192  9:56  Roach  
  192  9:57  Roach  
  192  9:59  Roach  
  199  10:13  Glial Reconstitution  
Show
View Real Time Build Order
Export as new Build Order

A.I. 1 (Harder) Zerg 

Build Orders: Hatch First 

Get SALT Encoding   

  8  0:00  Drone  
  9  0:10  Drone  
  10  0:16  Drone  
  11  0:21  Drone  
  12  0:33  Overlord  
  12  0:51  Drone x3  
  15  1:01  Drone  
  16  1:11  Drone  
  17  1:20  Hatchery  
  17  1:24  Drone  
  17  1:39  Spawning Pool  
  16  1:41  Drone  
  16  1:45  Drone  
  18  1:47  Extractor  
  18  1:50  Drone  
  18  2:00  Overlord  
  18  2:10  Drone  
  19  2:27  Zergling x2  
  19  2:28  Queen  
  22  2:30  Zergling x2  
  22  2:31  Roach Warren  
  22  2:33  Drone  
  22  2:36  Extractor  
  22  2:42  Drone  
  23  2:55  Overlord  
  23  3:00  Drone  
  26  3:12  Roach  
  26  3:16  Drone  
  27  3:20  Drone  
  27  3:23  Drone  
  27  3:24  Lair  
  29  3:39  Extractor  
  28  3:44  Extractor  
  28  3:45  Ravager  
  28  3:51  Drone  
  29  3:55  Drone  
  29  3:58  Drone  
  29  4:02  Overlord, Drone  
  32  4:08  Roach  
  34  4:11  Drone  
  34  4:14  Drone  
  36  4:20  Drone x2  
  36  4:23  Hydralisk Den  
  37  4:25  Drone  
  37  4:29  Overlord  
  38  4:34  Drone  
  39  4:39  Roach  
  41  4:50  Roach  
  43  4:56  Overlord  
  43  5:01  Hydralisk  
  43  5:02  Ravager  
  46  5:13  Roach  
  48  5:15  Drone  
  48  5:20  Overlord  
  49  5:24  Drone, Hydralisk  
  49  5:26  Drone  
  53  5:29  Drone  
  53  5:32  Drone  
  53  5:34  Drone  
  56  5:36  Hydralisk  
  56  5:37  Drone  
  56  5:40  Drone  
  60  5:45  Overlord  
  60  5:47  Hydralisk  
  62  5:50  Drone  
  62  5:52  Drone  
  62  5:53  Drone  
  62  5:55  Drone  
  66  5:57  Drone  
  66  6:00  Drone  
  68  6:06  Hydralisk  
  68  6:07  Evolution Chamber  
  68  6:10  Drone  
  70  6:17  Drone  
  71  6:20  Overlord  
  71  6:21  Drone x2  
  71  6:23  Drone  
  74  6:28  Drone  
  74  6:30  Drone  
  76  6:34  Zerg Melee Weapons Level 1  
  76  6:35  Burrow  
  76  6:38  Drone  
  77  6:40  Drone  
  78  6:48  Overlord  
  78  6:49  Ravager  
  78  6:50  Drone, Roach  
  78  6:51  Drone  
  78  6:53  Drone  
  84  7:01  Roach  
  84  7:07  Overlord  
  86  7:13  Roach  
  88  7:21  Baneling Nest  
  87  7:23  Spore Crawler, Drone  
  87  7:24  Hydralisk, Ravager  
  87  7:26  Overseer  
  87  7:28  Overlord  
  90  7:30  Overseer  
  90  7:31  Spore Crawler  
  90  7:32  Drone  
  90  7:35  Spore Crawler, Hydralisk  
  91  7:38  Spore Crawler  
  91  7:39  Drone  
  91  7:42  Queen  
  93  7:46  Overlord, Hydralisk  
  93  7:50  Queen  
  97  7:57  Infestation Pit, Drone  
  97  7:58  Spine Crawler  
  96  7:59  Roach, Drone  
  96  8:04  Spine Crawler  
  98  8:06  Spine Crawler  
  98  8:07  Drone  
  98  8:08  Drone  
  98  8:09  Hydralisk  
  101  8:12  Spine Crawler  
  101  8:13  Drone  
  101  8:19  Spire  
  100  8:20  Drone  
  100  8:21  Hydralisk, Evolution Chamber  
  100  8:22  Drone  
  103  8:28  Zerg Ground Armor Level 1  
  103  8:33  Roach  
  105  8:47  Zerg Missile Weapons Level 1  
  105  9:01  Pneumatized Carapace, Overlord  
  105  9:11  Hatchery  
  104  9:20  Overlord  
  104  9:24  Overseer  
  102  9:26  Mutalisk  
  89  9:32  Mutalisk  
  87  9:38  Roach  
  87  9:39  Hydralisk  
  87  9:45  Hive, Hydralisk  
  89  9:52  Hydralisk  
  87  9:58  Hydralisk  
  79  10:05  Hydralisk  
  72  10:11  Zergling x2  
  72  10:12  Zergling x6  
  72  10:13  Zergling x4, Roach  
  74  10:16  Roach  
  74  10:19  Roach  
  74  10:20  Roach  
  78  10:23  Roach  
  78  10:24  Drone x4  
  78  10:25  Drone x2  
  78  10:26  Drone, Roach  
  78  10:27  Drone  
  77  10:29  Drone  
  77  10:31  Zergling x2, Drone x2  
  77  10:34  Drone  
  62  10:36  Zergling x2  
  62  10:42  Hydralisk  
  35  10:48  Hydralisk  
  35  10:49  Drone  
  30  10:55  Mutalisk  
  30  10:56  Drone  
  25  10:59  Drone  
  25  11:00  Zergling x2, Lair  
  23  11:12  Queen  
  22  11:18  Hydralisk Den  
  22  11:22  Spire  
  22  11:25  Drone  
  15  11:49  Hatchery  
  14  11:57  Spawning Pool  
Tags
 
Add a new tag
Caveats
  • Supply blocks, unpowered buildings, or Contaminate may cause inaccurate times.
  • Supply counts are checked every 10 seconds.